 Dungeon Crawl Stone Soup version 0.20.1-1-g8b1a95d (webtiles) character file.

13720 Zeege the Spear-Bearer (level 11, -8/90 HPs)
             Began as a Demonspawn Chaos Knight on Nov 8, 2017.
             Killed by the air
             ... invoked by a wind drake
              (11 damage)
             ... on level 2 of the Lair of Beasts.
             The game lasted 01:25:03 (11300 turns).

Zeege the Spear-Bearer (Demonspawn Chaos Knight)   Turns: 11300, Time: 01:25:04

Health: -8/90      AC: 12    Str: 18    XL:     11   Next: 79%
Magic:  15/15      EV: 15    Int: 18    God:    Xom [....*.]
Gold:   601        SH:  6    Dex: 12    Spells: 12/15 levels left

rFire    x . .     SeeInvis +   y - +5 spear (venom)
rCold    + + +     Gourm    .   g - +1 buckler {rN+}
rNeg     + . .     Faith    .   b - +3 leather armour
rPois    .         Spirit   .   k - +0 hat
rElec    .         Reflect  .   G - +0 cloak
rCorr    .         Harm     .   (no gloves)
MR       ++...     Clarity  +   (boots unavailable)
Stlth    +++.......             n - amulet of Vitality {Regen+ HP+15}
Regen    0.7/turn               f - ring of ice
MPRegen  0.2/turn               w - +4 ring of intelligence

@: very slightly contaminated, hasted, very quick
A: antennae 1, talons 3, icy blue scales 3, see invisible, clarity, cold
resistance 1, frail 1, magic resistance 2, strong 1, rot immunity
a: Renounce Religion


You were on level 2 of the Lair of Beasts.
You worshipped Xom.
You were a beloved toy of Xom.
You were not hungry.

You visited 2 branches of the dungeon, and saw 13 of its levels.

You collected 661 gold pieces.
You spent 60 gold pieces at shops.

Inventory:

Hand Weapons
 a - a +1 hand axe of chaos
 y - a +5 spear of venom (weapon)
 K - the +5 rapier "Plog" {pierce, rF+ rN+ Dex-5 SInv}
   (You found it on level 10 of the Dungeon)

   It inflicts extra damage upon your enemies.
   It affects your dexterity (-5).
   It protects you from fire.
   It protects you from negative energy.
   It lets you see invisible.
Missiles
 t - 10 tomahawks (quivered)
Armour
 b - a +3 leather armour (worn)
 g - a +1 buckler of positive energy (worn)
 k - a +0 hat (worn)
 C - a +5 chain mail of fire resistance
 G - a +0 cloak (worn)
Jewellery
 f - a ring of ice (left hand)
 n - the amulet of Vitality (around neck) {Regen+ HP+15}
   (You took it off a goblin on level 4 of the Dungeon)

   [amulet of regeneration]

   It affects your health (+15).
   It increases your rate of regeneration.
 w - a +4 ring of intelligence (right hand)
 F - an uncursed ring of ice
Wands
 l - a wand of lightning (9/15)
 B - a wand of acid (4/15)
 D - a wand of digging (18/24)
 H - a wand of random effects (22/48)
 I - a wand of random effects (24/48)
 P - a wand of polymorph (13/24)
Scrolls
 i - 4 scrolls of teleportation
 z - 3 scrolls of amnesia
 O - a scroll of fog
Potions
 o - 3 potions of agility
 q - 2 potions of mutation
 r - 3 potions of brilliance {unknown}
 s - a potion of magic {unknown}
 v - 2 potions of flight
 x - a potion of curing
 A - a potion of berserk rage
 J - 2 potions of lignification {unknown}
 L - a potion of resistance {unknown}
Books
 h - a book of Necromancy

   Spells                             Type                      Level
   a - Pain                           Necromancy                   1
   b - Animate Skeleton               Necromancy                   1
   c - Vampiric Draining              Necromancy                   3
   d - Regeneration                   Charms/Necromancy            3
   e - Animate Dead                   Necromancy                   4
   f - Control Undead                 Necromancy                   4
 p - a book of Changes

   Spells                             Type                      Level
   a - Beastly Appendage              Transmutation                1
   b - Sticks to Snakes               Transmutation                2
   c - Spider Form                    Transmutation/Poison         3
   d - Ice Form                       Ice/Transmutation            4
   e - Blade Hands                    Transmutation                5
 M - a book of Misfortune

   Spells                             Type                      Level
   a - Confusing Touch                Hexes                        1
   b - Confuse                        Hexes                        3
   c - Gell's Gravitas                Translocation                3
   d - Petrify                        Transmutation/Earth          4
   e - Metabolic Englaciation         Hexes/Ice                    5
   f - Yara's Violent Unravelling     Hexes/Transmutation          5
Miscellaneous
 j - a fan of gales (inert)
Comestibles
 c - 7 bread rations
 d - 9 meat rations
 m - 8 fruits
 u - 5 royal jellies
 E - 7 chunks of flesh


   Skills:
 + Level 7.5 Fighting
 + Level 5.7(8.3) Axes
 + Level 9.4(10.1) Polearms
 + Level 5.5 Armour
 + Level 7.2 Dodging
 + Level 5.5 Stealth
 + Level 5.6 Shields
 + Level 2.8 Spellcasting
 + Level 3.0 Necromancy
 + Level 0.4 Evocations


You had 12 spell levels left.
You knew the following spells:

 Your Spells              Type           Power        Failure   Level  Hunger
a - Animate Skeleton      Necr           N/A          5%          1    None
b - Confusing Touch       Hex            #.....       19%         1    None
c - Beastly Appendage     Tmut           #.....       19%         1    None


Dungeon Overview and Level Annotations

Branches:
Dungeon (11/15)            Temple (0/1) D:7            Lair (3/6) D:10
  Snake (0/4) Lair:2
  Swamp: Lair:2-4    Shoals: Lair:2-4       Orc: D:9-12

Altars:
Gozag
Nemelex Xobeh
Qazlal
Ru
Uskayaw
Vehumet
Xom

Shops:
D:6 *   D:7 (   D:8 :


Innate Abilities, Weirdness & Mutations

You have claws for feet.
You are completely covered in icy blue scales. (AC +4, rC+)
You are immune to rotting.
You have a pair of small antennae on your head.
You have supernaturally acute eyesight. (SInv)
You possess an exceptional clarity of mind.
Your flesh is cold resistant. (rC+)
You are frail. (-10% HP)
You are highly resistant to hostile enchantments. (MR++)
Your muscles are strong. (Str +2)


Message History

The yak closely misses you.
You completely miss the yak. Your kick misses the yak.
The yak is severely wounded.
You hit the yak.
The yak looks as sick as possible!
The yak is severely wounded.
The wind drake flaps its wings at you. The air twists around and strikes you!
* * * LOW HITPOINT WARNING * * *
The yak gores you!
* * * LOW HITPOINT WARNING * * *
You feel yourself speed up. The wind drake flaps its wings at you.
The air twists around and strikes you! The yak barely misses you.
The wind drake flaps its wings at you. The air twists around and strikes you!
* * * LOW HITPOINT WARNING * * *
The wind drake flaps its wings at you. The air twists around and strikes you!
You die...
Xom giggles madly!

###Z.###............###......#..#
#.Z.## ##.................#...#..
.#..## ###.....+.#.##.##+..##.#.#
#.##.###...#...#........#.###....
#.........#....#.+.#.#+.#.#.=....
...#Z###..###..#.#.........#.....
.#..#####..##.......#.#..........
#......#...##..#...##.#..........
#....#...#.(#...@................
#..###...(........#..#+..........
#.####Z.(#)..#Y#Y.......#........
#.###{#P.#(.#...###....#+........
###.Z##.P.....YkY................
###............Z....P.......... .
##..........##...#.#....#.....
^###..#............####..........
#.#...##........Y...###........P.


You could see a wind drake and 2 yaks.

Vanquished Creatures
  A two-headed ogre (D:10)
  A wizard (D:10)
  A harpy (D:10)
  2 black mambas (Lair:2)
  A spiny frog (Lair:2)
  3 komodo dragons
  Grinder (D:3)
  3 blink frogs (Lair:2)
  A hippogriff (Lair:2)
  2 wyverns (D:10)
  18 yaks
  3 basilisks
  7 porcupines
  4 water moccasins
  A sky beast (D:7)
  2 ice beasts
  3 phantoms
  An orc warrior (D:10)
  4 ogres
  A centaur (D:10)
  A big kobold (D:10)
  3 crocodiles
  3 bullfrogs
  A water moccasin skeleton (D:4)
  2 scorpions
  5 killer bees (D:10)
  A howler monkey (D:6)
  4 wights (D:10)
  4 crimson imps
  2 quasits
  2 bullfrog zombies
  5 hounds
  A bullfrog skeleton (D:10)
  3 orc priests
  Ijyb (D:5)
  Crazy Yiuf (D:6)
  Jessica (D:3)
  An iguana (D:6)
  Natasha (twice) (D:4)
  5 orc wizards
  2 worker ants
  A killer bee zombie (D:7)
  A worker ant zombie (D:6)
  Robin (D:4)
  12 adders
  3 oozes
  3 worms
  3 dart slugs
  2 leopard geckos (D:6)
  26 orcs
  6 bats
  6 giant cockroaches
  19 goblins
  10 hobgoblins
  13 jackals
  2 quokkas
  6 ball pythons
  5 frilled lizards
  A giant cockroach zombie (D:5)
  7 kobolds
  2 quokka skeletons (D:4)
  4 rats
243 creatures vanquished.

Vanquished Creatures (collateral kills)
  A centaur warrior (D:10)
  Urug (Lair:2)
  A gargoyle (D:10)
  A spiny frog (Lair:2)
  A komodo dragon (Lair:2)
  2 blink frogs (Lair:2)
  A hippogriff (D:10)
  Menkaure (D:7)
  2 water moccasins (Lair:2)
  2 porcupines (Lair:1)
  A bullfrog (Lair:1)
  2 electric eels (Lair:1)
  A quasit (D:7)
  An orc priest (D:7)
  An orc wizard (D:7)
  3 adders (Lair:2)
  A kobold (D:10)
  A bush (D:10)
24 creatures vanquished.

Vanquished Creatures (others)
  A basilisk (D:10)
  A worker ant (D:10)
  4 kobolds (D:10)
  3 bushes (D:10)
  A fire vortex (D:7)
  4 fungi (D:10)
  12 plants
26 creatures vanquished.

Grand Total: 293 creatures vanquished

Notes
Turn   | Place    | Note
-------+----------+-------------------------------------------
     0 | D:1      | Zeege the Demonspawn Chaos Knight began the quest for the Orb.
     0 | D:1      | Reached XP level 1. HP: 18/18 MP: 1/1
   219 | D:1      | Gained mutation: You are partially covered in icy blue scales. (AC +2) [demonic ancestry]
   219 | D:1      | Reached XP level 2. HP: 19/24 MP: 2/2
   450 | D:1      | XOM: divination: detect creatures
   637 | D:1      | XOM: god gift: 21 stones
   944 | D:1      | XOM: potion effect (might)
  1252 | D:2      | Gained mutation: You are mostly covered in icy blue scales. (AC +3) [demonic ancestry]
  1252 | D:2      | Reached XP level 3. HP: 20/30 MP: 3/3
  1559 | D:2      | Found a radiant altar of Vehumet.
  1864 | D:2      | Gained mutation: You are immune to rotting. [demonic ancestry]
  1864 | D:2      | Reached XP level 4. HP: 31/37 MP: 4/4
  1985 | D:2      | XOM: harmless Erth miscast
  2290 | D:2      | Reached skill level 1 in Dodging
  2444 | D:2      | XOM: god gift: scroll of enchant armour
  2564 | D:3      | Found an opulent altar of Gozag.
  2568 | D:3      | Noticed Jessica
  2608 | D:3      | XOM: confuse monster(s)
  2622 | D:3      | Killed Jessica
  2622 | D:3      | Gained mutation: You have sharp toenails. [demonic ancestry]
  2622 | D:3      | Reached XP level 5. HP: 40/42 MP: 5/5
  2669 | D:3      | XOM: silly message
  2778 | D:3      | Noticed Grinder
  2778 | D:3      | XOM: noise
  2806 | D:3      | Paralysed by Grinder for 2 turns
  2811 | D:3      | Killed Grinder
  2811 | D:3      | Reached skill level 1 in Shields
  2811 | D:3      | Gained mutation: You have razor-sharp toenails. [demonic ancestry]
  2811 | D:3      | Reached XP level 6. HP: 30/48 MP: 6/6
  3024 | D:3      | XOM: divination: magic mapping
  3384 | D:3      | Found a sparkling altar of Nemelex Xobeh.
  3674 | D:4      | Reached skill level 5 in Axes
  3674 | D:4      | Reached skill level 1 in Stealth
  3727 | D:4      | Found a hide-covered altar of Uskayaw.
  3775 | D:4      | XOM: god gift: royal jelly
  3782 | D:5      | Entered Level 5 of the Dungeon
  3782 | D:5      | Noticed Ijyb
  3833 | D:4      | XOM: scenery: create altars
  3848 | D:4      | Reached XP level 7. HP: 47/54 MP: 7/7
  3858 | D:4      | XOM: noise
  3884 | D:4      | Noticed Natasha
  3886 | D:4      | XOM: 3-stop teleportation journey
  3902 | D:4      | Killed Natasha
  4629 | D:4      | XOM: give mutation
  4629 | D:4      | Gained mutation: You have a pair of small antennae on your head. [Xom's grace]
  4742 | D:4      | Noticed Robin
  4750 | D:4      | Killed Robin
  4840 | D:4      | XOM: medium Hex miscast
  4908 | D:4      | Noticed Natasha
  4914 | D:4      | Killed Natasha
  4972 | D:5      | Found a sparkling altar of Nemelex Xobeh.
  4984 | D:5      | Killed Ijyb
  5211 | D:5      | XOM: divination: detect items
  5574 | D:5      | Reached skill level 1 in Polearms
  5574 | D:5      | Reached XP level 8. HP: 61/61 MP: 8/8
  5654 | D:5      | XOM: cleaving
  5701 | D:5      | Found a stormy altar of Qazlal.
  6114 | D:6      | Reached skill level 2 in Polearms
  6248 | D:6      | XOM: harmless Fire miscast
  6318 | D:6      | Reached skill level 3 in Polearms
  6472 | D:6      | Found a runed door.
  6516 | D:6      | Found Weqegitz's General Store.
  6531 | D:6      | Bought a scroll of identify for 30 gold pieces
  6531 | D:6      | Bought a scroll of identify for 30 gold pieces
  6790 | D:6      | Noticed Crazy Yiuf
  6800 | D:6      | Killed Crazy Yiuf
  6841 | D:6      | XOM: stat loss: -1 Dex (10/12)
  6896 | D:7      | Found Hetafice's Antique Weapon Emporium.
  6952 | D:7      | XOM: stat loss: -1 Int (17/18)
  7006 | D:8      | Found Xuufualivah's Book Emporium.
  7006 | D:8      | Found a shimmering altar of Xom.
  7006 | D:8      | Found a stormy altar of Qazlal.
  7052 | D:7      | Found a staircase to the Ecumenical Temple.
  7058 | D:7      | XOM: summons 1 hostile demon
  7067 | D:7      | XOM: confuse monster(s)
  7069 | D:7      | Reached skill level 4 in Polearms
  7084 | D:7      | Reached skill level 5 in Fighting
  7113 | D:7      | Noticed Menkaure
  7114 | D:7      | XOM: summons 5 friendly demons
  7121 | D:7      | XOM: butterfly on damage
  7122 | D:7      | Killed Menkaure
  7161 | D:7      | Found a sacrificial altar of Ru.
  7180 | D:7      | XOM: confuse monster(s)
  7188 | D:7      | XOM: summons 2 friendly demons
  7194 | D:7      | Gained mutation: You are completely covered in icy blue scales. (AC +4, rC+) [demonic ancestry]
  7194 | D:7      | Reached XP level 9. HP: 59/68 MP: 9/9
  7204 | D:7      | Reached skill level 5 in Dodging
  7257 | D:7      | XOM: mild Fire miscast
  7260 | D:7      | XOM: butterfly on damage
  7269 | D:7      | XOM: polymorph butterfly -> jelly
  7345 | D:7      | You fall through a shaft for 3 floors!
  7345 | D:10     | Entered Level 10 of the Dungeon
  7349 | D:10     | XOM: divination: detect items
  7366 | D:10     | XOM: confuse monster(s)
  7370 | D:10     | Reached skill level 5 in Polearms
  7387 | D:10     | XOM: confuse monster(s)
  7410 | D:10     | Noticed a harpy
  7410 | D:10     | a yak changed into a harpy
  7410 | D:10     | XOM: polymorph yak -> harpy
  7414 | D:10     | XOM: confuse monster(s)
  7430 | D:10     | XOM: confuse monster(s)
  7448 | D:10     | Killed a harpy
  7448 | D:10     | Reached skill level 6 in Polearms
  7544 | D:10     | XOM: divination: detect items
  7556 | D:10     | Found a staircase to the Lair.
  7593 | D:10     | Gained mutation: You have claws for feet. [demonic ancestry]
  7593 | D:10     | Reached XP level 10. HP: 76/76 MP: 10/10
  7597 | D:10     | XOM: polymorph killer bee -> hound
  7683 | D:10     | Noticed a centaur warrior
  7769 | D:10     | Got an ancient rapier
  7775 | D:10     | Noticed a wizard
  7782 | D:10     | Killed a wizard
  7782 | D:10     | Reached skill level 7 in Polearms
  7785 | D:10     | Identified the +5 rapier "Plog" {pierce, rF+ rN+ Dex-5 SInv} (You found it on level 10 of the Dungeon)
  7786 | D:10     | Noticed a two-headed ogre
  7798 | D:10     | XOM: god gift: 18 gold pieces
  7799 | D:10     | Killed a two-headed ogre
  7838 | D:10     | Noticed a gargoyle
  7876 | D:10     | XOM: divination: detect items
  7912 | D:10     | XOM: confuse monster(s)
  8074 | D:10     | Learned a level 1 spell: Animate Skeleton
  8153 | D:10     | XOM: polymorph ogre -> wyvern
  8182 | D:10     | Reached skill level 8 in Polearms
  8190 | D:10     | XOM: cleaving
  8300 | D:10     | XOM: 6-stop teleportation journey
  8359 | D:10     | XOM: divination: magic mapping
  8442 | D:10     | XOM: destruction
  8480 | D:10     | Killed a gargoyle
  8484 | D:10     | Killed a centaur warrior
  8484 | D:10     | Reached skill level 1 in Necromancy
  8488 | D:10     | XOM: scenery: create altars
  8521 | Lair:1   | XOM: stealth player
  8521 | Lair:1   | Entered Level 1 of the Lair of Beasts
  8536 | Lair:1   | Reached skill level 5 in Armour
  8536 | Lair:1   | Reached XP level 11. HP: 58/83 MP: 11/11
  8545 | Lair:1   | XOM: harmless Ice miscast
  8557 | Lair:1   | XOM: cast spell 'Summon Butterflies'
  8571 | Lair:1   | XOM: smoke on damage
  8602 | Lair:1   | Reached skill level 5 in Shields
  8665 | Lair:1   | XOM: harmless Hex miscast
  8709 | Lair:1   | XOM: silly message
  8731 | Lair:1   | XOM: scenery: create altars
  8866 | Lair:1   | XOM: noise
  8888 | Lair:1   | XOM: god gift: shiny chain mail {god gift}
  8903 | Lair:1   | Reached skill level 1 in Spellcasting
  8925 | Lair:1   | XOM: give mutations
  8925 | Lair:1   | Gained mutation: You are resistant to hostile enchantments. (MR+) [Xom's grace]
  8925 | Lair:1   | Gained mutation: You are highly resistant to hostile enchantments. (MR++) [Xom's grace]
  8925 | Lair:1   | Gained mutation: You have supernaturally acute eyesight. (SInv) [Xom's grace]
  9019 | Lair:1   | Reached skill level 5 in Stealth
  9065 | Lair:1   | XOM: cloud trail
  9099 | Lair:1   | XOM: give mutations
  9099 | Lair:1   | Gained mutation: You are extremely resistant to the effects of hostile enchantments. (MR+++) [Xom's grace]
  9099 | Lair:1   | Gained mutation: Your muscles are strong. (Str +2) [Xom's grace]
  9099 | Lair:1   | Gained mutation: You possess an exceptional clarity of mind. [Xom's grace]
  9099 | Lair:1   | Gained mutation: Your flesh is cold resistant. (rC+) [Xom's grace]
  9237 | Lair:1   | XOM: divination: detect items
  9252 | Lair:1   | XOM: mild Pois miscast
  9403 | Lair:1   | XOM: summons friendly white imp
  9497 | Lair:1   | XOM: cloud trail
  9640 | Lair:2   | XOM: 1-stop teleportation journey
  9656 | Lair:2   | Found a staircase to the Snake Pit.
  9664 | Lair:2   | Reached skill level 9 in Polearms
  9706 | Lair:2   | XOM: enchant monster (good)
  9707 | Lair:2   | XOM: enchant monster (good)
  9938 | Lair:2   | XOM: confuse monster(s)
  9960 | Lair:2   | XOM: enchant monster (good)
  9965 | Lair:2   | XOM: cast spell 'Death Channel'
 10029 | Lair:2   | XOM: smoke on damage
 10164 | Lair:2   | XOM: silly message
 10169 | Lair:2   | Noticed Urug
 10194 | Lair:2   | Killed Urug
 10611 | Lair:2   | Learned a level 1 spell: Confusing Touch
 10613 | Lair:2   | Learned a level 1 spell: Beastly Appendage
 10811 | Lair:2   | XOM: cloud trail
 10869 | Lair:2   | XOM: give mutations
 10869 | Lair:2   | Lost mutation: Your muscles are strong. (Str +2) [Xom's mischief]
 10869 | Lair:2   | Gained mutation: You are clumsy. (Dex -2) [Xom's mischief]
 10869 | Lair:2   | Gained mutation: You are frail. (-10% HP) [Xom's mischief]
 10869 | Lair:2   | Lost mutation: You are extremely resistant to the effects of hostile enchantments. (MR+++) [Xom's mischief]
 10916 | Lair:2   | XOM: scenery: create altars
 10991 | Lair:2   | XOM: noise
 10998 | Lair:2   | XOM: give mutations
 10998 | Lair:2   | Lost mutation: You are clumsy. (Dex -2) [Xom's grace]
 10998 | Lair:2   | Gained mutation: Your muscles are strong. (Str +2) [Xom's grace]
 11285 | Lair:2   | XOM: blink monster(s)
 11295 | Lair:2   | XOM: polymorph yak -> wind drake
 11297 | Lair:2   | HP: 2/90 [yak (7)]
 11300 | Lair:2   | Killed from afar by a wind drake

Skill      XL: |  1  2  3  4  5  6  7  8  9 10 11 |
---------------+----------------------------------+-----
Axes           | 3 4 5 |  5.7
Armour         | 2 3 4 5 |  5.5
Fighting       | 4 5 6 7 |  7.5
Dodging        | 1 2 3 4 5 6 7 |  7.2
Shields        | 1 2 3 4 5 |  5.6
Stealth        | 1 2 4 5 |  5.5
Polearms       | 1 4 6 8 9 |  9.4
Necromancy     | 1 3 |  3.0
Spellcasting   | 2 |  2.8
Evocations     | |  0.4

Action                   |  1- 3 |  4- 6 |  7- 9 | 10-12 || total
-------------------------+-------+-------+-------+-------++-------
Melee: Hand axe          |   111 |   182 |    56 |       ||   349
       Kick              |       |    20 |   104 |   132 ||   256
       Spear             |       |       |   327 |   457 ||   784
Throw: Tomahawk          |       |       |     3 |       ||     3
 Cast: Animate Skeleton  |       |       |       |    21 ||    21
       Confusing Touch   |       |       |       |     6 ||     6
Evoke: Wand              |       |       |       |     5 ||     5
       Fan of gales      |       |       |       |     1 ||     1
  Use: Scroll            |     2 |     8 |     9 |    11 ||    30
       Potion            |       |       |     3 |     5 ||     8
 Stab: Confused          |       |     1 |     3 |     4 ||     8
       Distracted        |       |       |     1 |       ||     1
       Paralysed         |       |       |     1 |       ||     1
       Sleeping          |       |       |       |     1 ||     1
       Petrified         |       |       |       |     4 ||     4
       Petrifying        |       |       |       |     1 ||     1
  Eat: Chunk             |     3 |     7 |    12 |    10 ||    32
       Meat ration       |       |       |       |     1 ||     1
Armor: Leather armour    |    36 |    87 |   116 |    70 ||   309
       Chain mail        |       |       |       |    10 ||    10
Dodge: Dodged            |    54 |    80 |   180 |   192 ||   506
Block: Buckler           |    12 |    39 |    66 |    83 ||   200
